 Dungeon Crawl Stone Soup version 0.19-a0-1223-gf83d13a (webtiles) character file.

23 inmateoo the Insei (level 2, -4/21 HPs)
             Began as a Demonspawn Transmuter on Aug 24, 2016.
             Killed by nerve-wracking pain
             ... invoked by Jessica
              (14 damage)
             ... on level 2 of the Dungeon.
             The game lasted 00:01:25 (1000 turns).

inmateoo the Insei (Demonspawn Transmuter)          Turns: 1000, Time: 00:01:26

Health: -4/21      AC:  2    Str: 10    XL:     2   Next: 72%
Magic:  0/5        EV: 12    Int: 14    God:
Gold:   3          SH:  0    Dex: 13    Spells: 2 memorised, 2 levels left

rFire  + . .     SeeInvis .       - Unarmed
rCold  . . .     Gourm    .     b - +0 robe
rNeg   . . .     Faith    .     (no shield)
rPois  .         Spirit   .     (no helmet)
rElec  .         Dismiss  .     (no cloak)
rCorr  .         Reflect  .     (no gloves)
MR     .....     Harm     .     (boots currently unavailable)
Stlth  +.........               (no amulet)
                                (no ring)
                                h - ring of protection from fire

@: appendage, very slightly contaminated, slowed, very slow
A: talons 3, powered by death 1
a: End Transformation


You were on level 2 of the Dungeon.
You were hungry.
You had grown temporary talons.
You visited 1 branch of the dungeon, and saw 2 of its levels.

You collected 3 gold pieces.

Inventory:

Missiles
 a - 11 arrows
Armour
 b - a +0 robe (worn)
Jewellery
 h - a ring of protection from fire (left hand)
Scrolls
 e - 2 scrolls of enchant weapon {unknown}
 i - a scroll of enchant armour {unknown}
 j - a scroll of identify {unknown}
 k - a scroll of remove curse {unknown}
Potions
 g - 2 potions of flight {unknown}
Books
 c - a book of Changes

   Spells                             Type                      Level
   a - Beastly Appendage              Transmutation                1
   b - Sticks to Snakes               Transmutation                2
   c - Spider Form                    Transmutation/Poison         3
   d - Ice Form                       Ice/Transmutation            4
   e - Blade Hands                    Transmutation                5
Comestibles
 d - 2 bread rations
 f - a slice of pizza


   Skills:
 - Level 1.0 Fighting
 - Level 1.7 Dodging
 * Level 3.1 Unarmed Combat
 + Level 2.3 Spellcasting
 + Level 2.2 Transmutations


You had 2 spell levels left.
You knew the following spells:

 Your Spells              Type           Power        Failure   Level  Hunger
a - Beastly Appendage     Tmut           #.....       12%         1    #......
b - Sticks to Snakes      Tmut           #.......     17%         2    ###....


Dungeon Overview and Level Annotations

Branches:
Dungeon (2/15)

Altars:

Annotations:
D:2 Jessica


Innate Abilities, Weirdness & Mutations

You regenerate a little health from kills.
You have claws for feet.


Message History

Jessica seems to speed up.
Your ball python bites Jessica.
Your ball python constricts Jessica.
Jessica gestures at you while chanting.
Your ball python writhes in agony!
Your ball python dies!
Jessica hits you with a dagger. Jessica misses you.
You hit Jessica.
Jessica is heavily wounded.
Jessica hits you with a dagger. Jessica hits you but does no damage.
You barely miss Jessica.
Jessica is heavily wounded.
Jessica gestures at you while chanting. Pain shoots through your body!
Jessica hits you with a dagger.
Casting: Beastly Appendage
Confirm with . or Enter, or press ? or * to list all spells.
Your feet morph into talons.
Jessica casts a spell at you. Pain shoots through your body!
Ouch! That really hurt!
You die...

#..####.#.#
#.......#.#
##.######.#
#.# #.# #.#
#.# #.# #.#
#.# #.#
#.######.#
#.....@@.#
##########


You could see Jessica.

Vanquished Creatures
  A dart slug (D:1)
  A giant gecko (D:1)
  A ball python (D:1)
  4 goblins (D:1)
  3 hobgoblins (D:1)
  2 bats (D:1)
  4 giant newts (D:1)
  2 kobolds (D:1)
  A rat (D:1)
19 creatures vanquished.

Notes
Turn   | Place    | Note
-------+----------+-------------------------------------------
     0 | D:1      | inmateoo the Demonspawn Transmuter began the quest for the Orb.
     0 | D:1      | Reached XP level 1. HP: 15/15 MP: 3/3
   161 | D:1      | Gained mutation: You regenerate a little health from kills. [demonic ancestry]
   161 | D:1      | Reached XP level 2. HP: 21/21 MP: 3/5
   172 | D:1      | Reached skill level 3 in Unarmed Combat
   984 | D:2      | Noticed Jessica
   989 | D:2      | Learned a level 2 spell: Sticks to Snakes
  1000 | D:2      | Killed from afar by Jessica

Vault maps used:
D:1:      scummos_arrival_simple_fountains, minmay_fountain_box
D:2:      okawaru_metal_pillars_1_2, uniq_jessica

Skill      XL: |  1  2 |
---------------+-------+-----
Transmutations | 2 |  2.2
Unarmed Combat | 3 |  3.1
Fighting       | |  1.0
Dodging        | |  1.7
Spellcasting   | |  2.3

Action                   || total
-------------------------++-------
Melee: Unarmed           ||    57
       Kick              ||     4
       Headbutt          ||     1
 Cast: Beastly Appendage ||    11
       Sticks to Snakes  ||     1
 Stab: Distracted        ||     1
Armor: Robe              ||     8
Dodge: Dodged            ||    35
